 Dungeon Crawl Stone Soup version 0.21-a0-404-g291f19a (webtiles) character file.

15848 Laiders the Basher (level 12, -2/114 HPs)
             Began as a Deep Dwarf Fighter on Oct 30, 2017.
             Was an Elder of Makhleb.
             Slain by a red devil
             ... wielding a +2 demon trident of freezing
             ... summoned by a kobold demonologist
              (11 damage)
             ... on level 12 of the Dungeon.
             The game lasted 00:55:35 (8785 turns).

Laiders the Basher (Deep Dwarf Fighter)             Turns: 8785, Time: 00:55:37

Health: -2/114     AC: 14    Str: 22    XL:     12   Next: 4%
Magic:  1/1        EV:  5    Int: 11    God:    Makhleb [****..]
Gold:   374        SH: 14    Dex: 13    Spells: 11/11 levels left

rFire    . . .     SeeInvis .   p - +3 morningstar (freeze)
rCold    . . .     Gourm    .   K - +2 shield
rNeg     . . .     Faith    .   a - +1 plate armour
rPois    .         Spirit   .   A - +0 helmet
rElec    .         Reflect  .   w - +0 cloak
rCorr    .         Harm     .   (no gloves)
MR       +....                  (no boots)
Stlth    ..........             (no amulet)
HPRegen  0.00/turn              (no ring)
MPRegen  0.07/turn              (no ring)

@: lethally poisoned (-2 -> -2), non-regenerating
A: damage resistance, heal wounds, sense surroundings 2, no regeneration
a: Heal Wounds, Minor Destruction, Lesser Servant of Makhleb, Major Destruction,
Renounce Religion


You were on level 12 of the Dungeon.
You worshipped Makhleb.
Makhleb was greatly pleased with you.
You were not hungry.

You visited 2 branches of the dungeon, and saw 13 of its levels.

You collected 374 gold pieces.

Inventory:

Hand Weapons
 p - a +3 morningstar of freezing (weapon)
Missiles
 v - 19 tomahawks (quivered)
 F - a throwing net
Armour
 a - a +1 plate armour (worn)
 w - a +0 cloak (worn)
 A - a +0 helmet (worn)
 K - a +2 shield (worn)
 M - a +0 chain mail of fire resistance
Jewellery
 x - an uncursed amulet of the gourmand
Wands
 s - a wand of paralysis (21/24)
 z - a wand of flame (28/48)
 B - a wand of flame (27/48)
 D - a wand of lightning (15/15)
 I - a wand of digging (13/24)
Scrolls
 d - 5 scrolls of remove curse
 g - 3 scrolls of enchant armour
 h - 3 scrolls of teleportation
 i - 3 scrolls of identify
 k - 2 scrolls of fear
 r - 2 scrolls of recharging
 H - a scroll of magic mapping {unknown}
 J - a scroll of torment {unknown}
Potions
 e - 2 potions of heal wounds
 l - 6 potions of curing
 m - a potion of flight {unknown}
 n - a potion of agility
 o - a potion of lignification
 t - a potion of cancellation {unknown}
 u - a potion of magic {unknown}
 C - 5 potions of haste
Books
 E - a book of Cantrips

   Spells                             Type                      Level
   a - Confusing Touch                Hexes                        1
   b - Animate Skeleton               Necromancy                   1
   c - Summon Small Mammal            Summoning                    1
   d - Apportation                    Translocation                1
Comestibles
 b - 6 fruits
 f - 6 bread rations
 q - 5 meat rations
 G - 5 royal jellies


   Skills:
 + Level 9.3 Fighting
 - Level 14.0 Maces & Flails
 - Level 3.2 Armour
 + Level 11.0 Shields


You had 11 spell levels left.
You didn't know any spells.

Dungeon Overview and Level Annotations

Branches:
Dungeon (12/15)            Temple (1/1) D:5            Lair (0/6) D:11
    Orc (0/2) D:11

Altars:
Ashenzari
Cheibriados
Dithmenos
Elyvilon
Fedhas
Gozag
Hepliaklqana
Kikubaaqudgha
Makhleb
Nemelex Xobeh
Okawaru
Qazlal
Ru
Sif Muna
Trog
Uskayaw
Vehumet
Wu Jian
Xom
Yredelemnul
Zin
The Shining One

Annotations:
D:5 2 transporters
D:8 Gastronok
D:9 Joseph


Innate Abilities, Weirdness & Mutations

You are resistant to damage.
You can heal yourself by infusing magical energy.
You passively map the area around you.
You do not regenerate.


Message History

The ice beast is moderately wounded.
You block something's attack. Something hits you but does no damage.
The ice beast hits you but does no damage.
You impale the ice beast!!
You kill the ice beast!
Makhleb accepts your kill.
You feel better. You block something's attack.
Okay, then.
Something hits you.
The sun demon hits you but does no damage.
The red devil hits you from afar with a demon trident of freezing.
The red devil freezes you. Something hits you but does no damage.
The sun demon hits you!
* * * LOW HITPOINT WARNING * * *
You are engulfed in flames!
* * * LOW HITPOINT WARNING * * *
The white imp gestures at you. You block the puff of frost. Something hits you.
The red devil hits you from afar with a demon trident of freezing!
You die...

,,, * *
, ,,,, *
, * , *
, , , *
* *, * *
* , * ,
*, ,, *
, , _ ,
,, * , *
, ** *
#####* *
#@)5##
** *
##3Ko##
* ,
#J44s# *
* , , ,
#Kl5K#
*, , ,
,#KK..#
, ,,,,,
**
#K5..# ,
, , , ,
, .J...#
, ,,
,..5...#
, ,
.y....##


You could see 2 slime creatures, a sun demon, a kobold demonologist, 2 red
devils, a wyvern, 2 big kobolds, a scorpion, an orc wizard, a quasit, a crimson
imp, 2 white imps and 3 kobolds.

Vanquished Creatures
  A two-headed ogre (D:10)
  The ghost of teton the Thaumaturge, a novice DECj of Vehumet (D:10)
  2 unseen horrors
  A deep elf mage (D:10)
  2 ugly things
  A cyclops (D:11)
  A komodo dragon (D:11)
  2 trolls
  A hornet (D:10)
  2 slime creatures
  6 hippogriffs
  A shadow (D:11)
  4 hogs (D:7)
  The ghost of darxusza the Skirmisher, an amateur HOBe of Trog (D:3)
  15 yaks
  A human (D:7)
  3 hungry ghosts
  3 water moccasins (D:10)
  Duvessa (D:5)
  A swamp drake (D:10)
  3 ice beasts
  10 orc warriors
  A sky beast (D:7)
  A necrophage (D:10)
  A phantom (D:9)
  5 centaurs
  6 ogres
  3 big kobolds (D:11)
  5 bullfrogs
  3 gnoll sergeants (D:11)
  Dowan (D:5)
  2 scorpions
  9 killer bees
  An electric eel (D:8)
  7 wights
  3 howler monkeys (D:7)
  3 crimson imps
  A centaur zombie (D:7)
  2 jellies (D:11)
  2 bullfrog zombies (D:5)
  7 hounds
  3 quasits
  3 orc priests
  Crazy Yiuf (D:3)
  8 orc wizards
  3 bullfrog skeletons
  2 centaur skeletons
  3 iguanas
  8 worker ants
  A howler monkey zombie (D:10)
  2 worker ant zombies
  4 gnolls (D:11)
  11 adders
  2 shadow imps
  An ooze (D:2)
  An adder zombie (D:6)
  2 adder skeletons
  A worm (D:3)
  3 dart slugs
  4 leopard geckos
  42 orcs
  6 giant cockroaches
  3 goblins
  6 hobgoblins
  5 jackals
  15 kobolds
  5 quokkas
  A ball python (D:2)
  8 bats
  6 frilled lizards
  A leopard gecko zombie (D:6)
  9 rats
296 creatures vanquished.

Vanquished Creatures (collateral kills)
  3 yaks (D:11)
  An ogre (D:11)
  A bullfrog (D:11)
5 creatures vanquished.

Grand Total: 301 creatures vanquished

Notes
Turn   | Place    | Note
-------+----------+-------------------------------------------
     0 | D:1      | Laiders the Deep Dwarf Fighter began the quest for the Orb.
     0 | D:1      | Reached XP level 1. HP: 20/20 MP: 1/1
   157 | D:1      | Reached XP level 2. HP: 27/27 MP: 2/2
   269 | D:1      | Reached skill level 3 in Maces & Flails
   670 | D:1      | Reached XP level 3. HP: 30/33 MP: 3/3
  1022 | D:2      | Reached skill level 4 in Maces & Flails
  1176 | D:2      | Reached XP level 4. HP: 27/40 MP: 4/4
  1318 | D:2      | Found a faded altar of an unknown god.
  1385 | D:3      | Found a shadowy altar of Dithmenos.
  1830 | D:3      | Found a runed door.
  1889 | D:3      | Noticed darxusza's ghost (amateur HOBe)
  1910 | D:3      | Killed darxusza's ghost
  1910 | D:3      | Reached skill level 6 in Maces & Flails
  1910 | D:3      | Reached XP level 5. HP: 46/46 MP: 5/5
  2042 | D:3      | Reached XP level 6. HP: 44/55 MP: 6/6
  2371 | D:3      | Noticed Crazy Yiuf
  2375 | D:3      | Killed Crazy Yiuf
  2496 | D:4      | Reached skill level 7 in Maces & Flails
  2787 | D:4      | Found a basalt altar of Yredelemnul.
  2840 | D:4      | Reached XP level 7. HP: 34/61 MP: 7/7
  2990 | D:4      | Reached skill level 8 in Maces & Flails
  3217 | D:5      | Entered Level 5 of the Dungeon
  3223 | D:5      | Found an ornate altar of the Wu Jian Council.
  3224 | D:5      | Found a deep blue altar of Sif Muna.
  3376 | D:5      | Found a transporter.
  3604 | D:5      | Found a staircase to the Ecumenical Temple.
  3615 | Temple   | Entered the Ecumenical Temple
  3844 | Temple   | Became a worshipper of Makhleb the Destroyer
  3930 | D:5      | Noticed Dowan
  3930 | D:5      | Noticed Duvessa
  3979 | D:5      | Killed Duvessa
  3979 | D:5      | Reached skill level 9 in Maces & Flails
  3990 | D:5      | Killed Dowan
  4102 | D:5      | Found a transporter.
  4248 | D:6      | Got a brightly glowing short sword
  4249 | D:6      | Identified the +5 short sword "Fomoz" {freeze, MR++ Dex+3} (You found it on level 6 of the Dungeon)
  4282 | D:6      | Reached XP level 8. HP: 68/68 MP: 6/6
  4665 | D:6      | Reached skill level 10 in Maces & Flails
  4888 | D:6      | Found a glowing silver altar of Zin.
  4888 | D:6      | Noticed an angel
  5169 | D:7      | Noticed a hippogriff
  5181 | D:7      | Killed a hippogriff
  5181 | D:7      | Reached * piety under Makhleb
  5217 | D:7      | Reached skill level 11 in Maces & Flails
  5443 | D:7      | Noticed a hippogriff
  5457 | D:7      | Killed a hippogriff
  5457 | D:7      | Gained mutation: You passively map the area around you. [Deep Dwarf growth]
  5457 | D:7      | Reached XP level 9. HP: 34/74 MP: 6/6
  5635 | D:7      | Found a blossoming altar of Fedhas.
  5672 | D:7      | Reached skill level 12 in Maces & Flails
  5838 | D:8      | Reached skill level 13 in Maces & Flails
  5908 | D:8      | Found an opulent altar of Gozag.
  5910 | D:8      | Found a stormy altar of Qazlal.
  5910 | D:8      | Found a bloodstained altar of Trog.
  5912 | D:8      | Found a hazy altar of Hepliaklqana.
  5912 | D:8      | Found a shimmering altar of Xom.
  5912 | D:8      | Found a shimmering altar of Xom.
  6275 | D:8      | Noticed Gastronok
  6353 | D:9      | Reached ** piety under Makhleb
  6458 | D:9      | Reached XP level 10. HP: 81/81 MP: 4/4
  6467 | D:9      | Reached skill level 14 in Maces & Flails
  6570 | D:9      | Noticed Joseph
  6648 | D:10     | Entered Level 10 of the Dungeon
  6712 | D:10     | Noticed a deep elf mage
  6721 | D:10     | Reached skill level 5 in Shields
  6725 | D:10     | Noticed teton's ghost (novice DECj)
  6744 | D:10     | Killed a deep elf mage
  6764 | D:10     | Killed teton's ghost
  6764 | D:10     | Reached skill level 5 in Fighting
  7123 | D:10     | Noticed a two-headed ogre
  7137 | D:10     | Killed a two-headed ogre
  7137 | D:10     | Reached *** piety under Makhleb
  7137 | D:10     | Reached XP level 11. HP: 27/99 MP: 2/2
  7556 | D:11     | Killed an unseen horror
  7800 | D:11     | Found a staircase to the Lair.
  7990 | D:11     | Reached skill level 10 in Shields
  7997 | D:11     | Reached **** piety under Makhleb
  8336 | D:11     | Found a staircase to the Orcish Mines.
  8487 | D:12     | Noticed a red ugly thing
  8500 | D:11     | Killed a red ugly thing
  8737 | D:12     | Noticed a green ugly thing
  8760 | D:12     | Killed a green ugly thing
  8760 | D:12     | Reached XP level 12. HP: 69/114 MP: 1/1
  8785 | D:12     | Slain by a red devil

Vault maps used:
D:1:      dpeg_arrival_long_road, minivault_19, minmay_close_crescents
D:2:      first_bread, chequers_ecumenical_altar_grove
D:3:      grunt_dithmenos_smoke, uniq_crazy_yiuf_cottage
D:4:      yredelemnul_altar_generic
D:5:      gammafunk_cloud_chamber, minitemple, minmay_temple_entry_poolview,
          uniq_duvessa
D:6:      zin_angel, minmay_misc_feat_four_crosses
D:7:      fedhas_altar_2, grunt_livestock
D:8:      doesnt_xom_only_xom, chequers_big_river, uniq_gastronok
D:9:      uniq_joseph
D:10:     pond
D:11:     lair_entry_dummy, kennysheep_orc_monster_closet_entryway
D:12:     elyvilon_altar_1
Temple:   eino_temple_scatter_basement

Skill      XL: |  1  2  3  4  5  6  7  8  9 10 11 12 |
---------------+-------------------------------------+-----
Maces & Flails | 3 4 6 7 9 11 13 14 | 14.0
Fighting       | 6 9 |  9.3
Shields        | 7 10 11 | 11.0
Armour         | |  3.2

Action                   |  1- 3 |  4- 6 |  7- 9 | 10-12 || total
-------------------------+-------+-------+-------+-------++-------
Melee: Flail             |   124 |       |       |       ||   124
       Whip              |     3 |    25 |       |       ||    28
       Mace              |       |   144 |   449 |   192 ||   785
       Morningstar       |       |       |       |   479 ||   479
Invok: Lesser Servant of |       |       |       |     4 ||     4
 Abil: Heal Wounds       |       |     1 |     9 |    11 ||    21
  Use: Scroll            |     2 |     5 |     9 |     6 ||    22
       Potion            |       |     2 |       |     6 ||     8
 Stab: Invisible         |       |     1 |       |       ||     1
       Confused          |       |       |       |     1 ||     1
  Eat: Chunk             |     1 |     5 |    11 |    11 ||    28
       Royal jelly       |       |       |     1 |       ||     1
       Bread ration      |       |       |       |     2 ||     2
Armor: Scale mail        |    39 |       |       |       ||    39
       Chain mail        |    17 |    11 |       |       ||    28
       Plate armour      |       |    76 |   310 |   413 ||   799
       Skin              |       |     9 |       |       ||     9
Dodge: Dodged            |    32 |    19 |    50 |   122 ||   223
Block: Shield            |    61 |    62 |   205 |   420 ||   748

Table legend:
 A = Spawn XP
 B = Non-spawn XP
 C = Spawn XP percentage of total XP
 D = Spawn monster count
 E = Non-spawn monster count
 F = Spawn count percentage of total count
 G = Total turns spent on level
                    A         B        C        D         E        F      G
               +---------+---------+-------+---------+---------+-------+---------
         Total |       0 |   22641 |   0.0 |       0 |     301 |   0.0 |  8785
               +---------+---------+-------+---------+---------+-------+---------
           D:1 |       0 |      43 |   0.0 |       0 |      25 |   0.0 |   787
           D:2 |       0 |      62 |   0.0 |       0 |      19 |   0.0 |   617
           D:3 |       0 |     347 |   0.0 |       0 |      21 |   0.0 |  1002
           D:4 |       0 |     396 |   0.0 |       0 |      23 |   0.0 |   811
           D:5 |       0 |     496 |   0.0 |       0 |      14 |   0.0 |   741
           D:6 |       0 |     369 |   0.0 |       0 |      14 |   0.0 |   830
           D:7 |       0 |    2333 |   0.0 |       0 |      22 |   0.0 |   758
           D:8 |       0 |     813 |   0.0 |       0 |      10 |   0.0 |   552
           D:9 |       0 |    1325 |   0.0 |       0 |      18 |   0.0 |   310
          D:10 |       0 |    5912 |   0.0 |       0 |      36 |   0.0 |   871
          D:11 |       0 |    8887 |   0.0 |       0 |      85 |   0.0 |  1152
          D:12 |       0 |    1658 |   0.0 |       0 |      14 |   0.0 |   114
               +---------+---------+-------+---------+---------+-------+---------
